 Dungeon Crawl Stone Soup version 0.30-a0-34-gbe8da3892a (webtiles) character file.

Game seed: 15354279525975955862

136 timneilson the Shield-Bearer (level 5, 0/33 HPs)
             Began as a Gargoyle Fighter on Aug 27, 2022.
             Slain by an orc
             ... wielding a +0 morningstar
              (5 damage)
             ... on level 4 of the Dungeon.
             The game lasted 00:03:45 (3009 turns).

timneilson the Shield-Bearer (Gargoyle Fighter)     Turns: 3009, Time: 00:03:45

Health: 0/33       AC: 11    Str: 21    XL:     5   Next: 19%
Magic:  5/5        EV:  9    Int:  9    God:
Gold:   110        SH:  4    Dex:  9    Spells: 4/4 levels left

rFire   . . .      SeeInvis .    a - +0 long sword (freeze)
rCold   + . .      Faith    .    c - +0 buckler
rNeg    + . .      Spirit   .    b - +0 scale mail
rPois   ∞          Reflect  .    (no helmet)
rElec   +          Harm     .    (no cloak)
rCorr   .          Rampage  .    (no gloves)
Will    .....                    (no boots)
Stlth   ..........               (no amulet)
HPRegen 0.11/turn                p - ring of protection from cold
MPRegen 0.09/turn                (no ring)

@: mighty
A: sickness immunity, AC +4, negative energy resistance 1, electricity
resistance, torment resistance 1, petrification resistance
a: no special abilities


You were on level 4 of the Dungeon.
You visited 1 branch of the dungeon, and saw 4 of its levels.

You collected 110 gold pieces.

Inventory:

Hand Weapons
 a - a +0 long sword of freezing (weapon)
Armour
 b - a +0 scale mail (worn)
 c - a +0 buckler (worn)
 l - a +0 plate armour
Jewellery
 g - a ring of fire
 p - a ring of protection from cold (left hand)
 q - an amulet of reflection
Scrolls
 h - a scroll of poison
 o - a scroll of teleportation
 r - a scroll of blinking
 s - 2 scrolls of identify
Potions
 d - a potion of might
 e - a potion of attraction
 f - a potion of mutation
 i - 2 potions of invisibility {unknown}
 j - a potion of haste {unknown}
 k - 2 potions of heal wounds {unknown}
 m - a potion of lignification {unknown}
 n - a potion of brilliance {unknown}
 u - a potion of curing {unknown}


   Skills:
 + Level 3.7 Fighting
 * Level 2.8 Long Blades
 * Level 4.2 Armour
 + Level 0.9 Dodging
 * Level 4.2 Shields


You had 4 spell levels left.
You didn't know any spells.
Your spell library was empty.

Dungeon Overview and Level Annotations

Branches:
Dungeon (4/15)
 Temple: D:4-7

Altars:
Fedhas

Shops:
D:2 *


Innate Abilities, Weirdness & Mutations

You are immune to sickness and miasma.
Your stone body is resilient. (AC +4)
You are immune to poison.
You resist negative energy. (rN+)
You are resistant to electric shocks. (rElec)
You are resistant to unholy torment.
You are immune to petrification.


Message History

You block the orc priest's attack. The orc hits you with a +0 short sword.
You block the orc's attack.
A jackal comes into view.
The orc completely misses you.
The orc priest hits you with a +0 hand axe.
The orc hits you with a +0 morningstar.
The orc priest casts a cantrip, but nothing happens.
You barely miss the orc priest.
The orc priest is severely wounded.
The jackal barely misses you. You block the jackal's attack.
A jackal comes into view.
The orc priest mumbles some strange prayers to Beogh against you.
Pain shoots through your body! The orc priest barely misses you.
The orc hits you but does no damage. The orc hits you with a +0 morningstar.
* * * LOW HITPOINT WARNING * * *
You feel very mighty all of a sudden. You block the jackal's attack.
The orc priest hits you but does no damage.
The orc hits you with a +0 short sword.
* * * LOW HITPOINT WARNING * * *
The orc hits you but does no damage.
The orc priest hits you with a +0 hand axe.
* * * LOW HITPOINT WARNING * * *
You slash the orc priest! You freeze the orc priest.
You kill the orc priest!
The jackal bites you but does no damage. x2
The orc priest hits you but does no damage.
The orc hits you but does no damage.
You have reached level 5!
You closely miss the orc priest.
The jackal barks!
The jackal bites you but does no damage.
The orc priest hits you but does no damage.
The orc hits you but does no damage. The orc closely misses you.
The jackal bites you but does no damage.
You barely miss the orc priest.
The jackal bites you but does no damage.
The orc priest closely misses you. The orc hits you but does no damage. x2
The orc hits you with a +0 morningstar.
You die...

###..........##.#
##...............#
##........## ...# ##
###.........# ...# .
.####....#.....###...#..
..#......##....§§.....[.
......#..##...§§§.......
......##.#.....§oo......
.###..#......§§§@oh.....
.#.#........§.§§oh......
......##...§....h.......
(.....#..###..........##
........## #..........#
...........#............
#.......................
#.......................
...........


You could see an orc priest, 3 orcs and 3 jackals.

Vanquished Creatures
  An orc priest (D:4)
  5 adders
  A worm (D:2)
  A dart slug (D:3)
  2 orcs (D:3)
  5 bats
  8 endoplasms
  3 giant cockroaches
  4 goblins
  3 hobgoblins (D:1)
  4 jackals (D:1)
  4 kobolds
  3 quokkas
  4 ball pythons
  5 rats
53 creatures vanquished.

Notes
Turn   | Place    | Note
-------+----------+-------------------------------------------
     0 | D:1      | timneilson the Gargoyle Fighter began the quest for the
                  | Orb.
     0 | D:1      | Reached XP level 1. HP: 14/14 MP: 1/1
   299 | D:1      | Reached XP level 2. HP: 19/19 MP: 2/2
   780 | D:1      | Reached XP level 3. HP: 23/23 MP: 3/3
  1660 | D:2      | Reached XP level 4. HP: 27/28 MP: 4/4
  1967 | D:2      | Found a faded altar of an unknown god.
  2017 | D:2      | Found Xesobotoun's Assorted Antiques.
  2569 | D:3      | Found a blossoming altar of Fedhas.
  3008 | D:4      | Reached XP level 5. HP: 5/33 MP: 5/5
  3009 | D:4      | Slain by an orc

Illustrated notes

Levels and vault maps discovered:
D:1:      matt_arrival_diagonals, layout_loops_ring
D:2:      layout_basic, serial_shops, shop, shapermc_ecumenical_altar_venn
D:3:      layout_basic, mainiacjoe_overflow_cross_hatched, st_stairs_4,
          corner_web_ring
D:4:      layout_cave_pools, mainiacjoe_overflow_alcove_3,
          overflow_temple_1_default, sigmund_army

Skill      XL: |  1  2  3  4 |
---------------+-------------+-----
Long Blades    | 2 |  2.8
Shields        | 4 |  4.2
Armour         | 4 |  4.2
Fighting       | |  3.7
Dodging        | |  0.9

Action                   |  1- 3 |  4- 6 || total
-------------------------+-------+-------++-------
Melee: Long sword        |   106 |    69 ||   175
  Use: Scroll            |     2 |     6 ||     8
       Potion            |       |     1 ||     1
Armor: Scale mail        |    69 |    58 ||   127
Dodge: Dodged            |    85 |    38 ||   123
Block: Buckler           |    21 |    25 ||    46

Table legend: (Time is in decaauts)
 A = Elapsed time spent in this place.
 B = Non-inter-level travel time spent in this place.
 C = Inter-level travel time spent in this place.
 D = Time resting spent in this place.
 E = Time spent auto-exploring this place.
 F = Levels seen in this place.
 G = Mean time per level.
                   A        B        C        D        E       F      G
               +--------+--------+--------+--------+--------+-----+--------+
         Total |   3064 |   3004 |     60 |      0 |   2544 |   4 |  766.0 |
       Dungeon |   3064 |   3004 |     60 |      0 |   2544 |   4 |  766.0 |
               +--------+--------+--------+--------+--------+-----+--------+

Top non-repeatable levels by time:
     D:1: 1184 daAuts
     D:2: 1178 daAuts
     D:3: 613 daAuts
     D:4: 89 daAuts
